 Dungeon Crawl Stone Soup version 0.31-a0-219-g8d62b2e7bb (webtiles) character file.

Game seed: 5017048609482417758

30 Nietzsche the Cutter (level 3, 0/40 HPs)
             Began as a Vampire Gladiator on July 4, 2023.
             Slain by Natasha (2 damage)
             ... on level 2 of the Dungeon.
             The game lasted 00:03:17 (855 turns).

Nietzsche the Cutter (Vampire Gladiator)             Turns: 855, Time: 00:03:18

Health: 0/40       AC:  4    Str: 13    XL:     3   Next: 3%
Magic:  4/4        EV: 13    Int: 12    God:
Gold:   78         SH:  0    Dex: 15    Spells: 3/3 levels left

rFire   . . .        a - +0 rapier
rCold   . . .        (no shield)
rNeg    . . .        b - +0 leather armour
rPois   .            c - +0 helmet
rElec   .            (no cloak)
rCorr   .            (no gloves)
SInv    +            (no boots)
Will    +....        (no amulet) Stlth
                     (no ring)
HPRegen 0.46/turn    (no ring)
MPRegen 0.09/turn

%: no passive effects
@: berserking, healing quickly, very quick
A: alive, fangs 3, see invisible, vampiric 2, strong-willed 1
a: Exsanguinate


You were on level 2 of the Dungeon.
You visited 1 branch of the dungeon, and saw 2 of its levels.

You collected 78 gold pieces.

Inventory:

Hand Weapons
 a - a +0 rapier (weapon)
Missiles
 d - 3 throwing nets (quivered)
 e - a javelin
Armour
 b - a +0 leather armour (worn)
 c - a +0 helmet (worn)
 l - a +0 pair of gloves
Scrolls
 f - 3 scrolls of identify {unknown}
 g - a scroll of teleportation {unknown}
 j - a scroll of noise {unknown}
 k - a scroll of revelation {unknown}
Potions
 i - a potion of mutation


   Skills:
 + Level 1.9 Fighting
 + Level 3.9 Short Blades
 - Level 1.5 Throwing
 + Level 0.1 Armour
 + Level 3.5 Dodging
 * Level 1.3 Stealth
 * Level 0.7 Spellcasting


You had 3 spell levels left.
You didn't know any spells.
Your spell library was empty.

Dungeon Overview and Level Annotations

Branches:
Dungeon (2/15)

Altars:

Annotations:
D:2 Natasha


Innate Abilities, Weirdness & Mutations

Your natural rate of healing is accelerated.
You have razor-sharp teeth.
You have supernaturally acute eyesight. (SInv)
You are afflicted with vampirism and can become a bat while bloodless.
You are strong-willed. (Will+)


Message History

You barely miss the quokka.
The quokka is heavily wounded.
The quokka misses you.
You hit the quokka.
The quokka is almost dead.
The quokka closely misses you.
You closely miss the quokka.
The quokka is almost dead.
Natasha mumbles some strange words.
The quokka bites you.
You hit the quokka.
You kill the quokka!
The cerulean imp hits you but does no damage.
You barely miss Natasha.
Natasha stares at you and mumbles some strange words.
The magic dart hits you!
The cerulean imp hits you from afar with a +1 spear.
* * * LOW HITPOINT WARNING * * *
You hit Natasha. Your bite misses Natasha.
Natasha is lightly wounded.
Natasha stares at you and mumbles some strange words.
The magic dart hits you.
* * * LOW HITPOINT WARNING * * *
The cerulean imp hits you from afar with a +1 spear.
* * * LOW HITPOINT WARNING * * *
It was a potion of mutation.
You feel extremely strange.
You feel strong-willed.
Natasha stares at you and mumbles some strange words.
You resist with almost no effort. The cerulean imp barely misses you.
It was a potion of berserk rage.
A red film seems to cover your vision as you go berserk!
You feel yourself moving faster!
You feel mighty! Natasha claws you but does no damage.
The cerulean imp hits you from afar with a +1 spear.
* * * LOW HITPOINT WARNING * * *
Unknown command.
You barely miss Natasha. Your bite misses Natasha.
Natasha is lightly wounded.
Natasha claws you.
You die...

# ####<..... .# #.
........ .. #..
.....###.#
...###.#.....#
...........##
..###......# #
#...#.#......g5#
####...#.###.####h#
.......#........@.#
..........>......#
###..#.#..........#
.............######
.............#####
.................#
##.....#.....###.#
#.....####..# #.#
##.#...####..# #.#


You could see Natasha and a cerulean imp (summoned).

Vanquished Creatures
  A worm (D:2)
  A dart slug (D:1)
  4 ball pythons (D:1)
  An endoplasm (D:2)
  A giant cockroach (D:1)
  A goblin (D:1)
  2 hobgoblins
  3 jackals (D:2)
  A kobold (D:1)
  2 quokkas
  A bat (D:1)
  3 frilled lizards (D:1)
  2 rats
23 creatures vanquished.

Notes
Turn   | Place    | Note
-------+----------+-------------------------------------------
     0 | D:1      | Nietzsche the Vampire Gladiator began the quest for the
                  | Orb.
     0 | D:1      | Reached XP level 1. HP: 16/16 MP: 1/1
   255 | D:1      | Reached XP level 2. HP: 22/22 MP: 2/2
   790 | D:2      | Reached skill level 1 in Stealth
   797 | D:2      | Gained mutation: You are afflicted with vampirism and can
                  | become a bat while bloodless. [Vampire growth]
   797 | D:2      | Reached XP level 3. HP: 23/27 MP: 4/4
   840 | D:2      | Noticed Natasha
   851 | D:2      | HP: 1/27 [cerulean imp/+1 spear[Natasha] (2)]
   852 | D:2      | Gained mutation: You are strong-willed. (Will+) [potion of
                  | mutation]
   855 | D:2      | Slain by Natasha

Illustrated notes

Levels and vault maps discovered:
D:1:      eino_arrival_tree_alley, layout_basic, serial_bayou,
          serial_bayou_ford_a, serial_bayou_pond_d, serial_bayou_crossing,
          serial_bayou_shore_b
D:2:      layout_basic, minmay_pentomino_w2, uniq_natasha, uniq_jessica

Skill      XL: |  1  2 |
---------------+-------+-----
Stealth        | 1 |  1.3
Fighting       | |  1.9
Short Blades   | |  3.9
Throwing       | |  1.5
Armour         | |  0.1
Dodging        | |  3.5
Spellcasting   | |  0.7

Action                     || total
---------------------------++-------
  Melee: Rapier            ||    86
         Bite              ||     5
         Punch             ||     1
    Use: Potion            ||     2
 Armour: Leather armour    ||    16
  Dodge: Dodged            ||    59

Table legend: (Time is in decaauts)
 A = Elapsed time spent in this place.
 B = Non-inter-level travel time spent in this place.
 C = Inter-level travel time spent in this place.
 D = Time resting spent in this place.
 E = Time spent auto-exploring this place.
 F = Levels seen in this place.
 G = Mean time per level.
                   A        B        C        D        E       F      G
               +--------+--------+--------+--------+--------+-----+--------+
         Total |    864 |    864 |      0 |      0 |    585 |   2 |  432.0 |
       Dungeon |    864 |    864 |      0 |      0 |    585 |   2 |  432.0 |
               +--------+--------+--------+--------+--------+-----+--------+

Top non-repeatable levels by time:
     D:1: 682 daAuts
     D:2: 182 daAuts
